 Dungeon Crawl Stone Soup version 0.24.0-123-gd5b16e6ec5 (webtiles) character file.

Game seed: 5109648419536459072, levelgen mode: deterministic

1602 UristMcUrist the Thaumaturge (level 8, 0/36 HPs)
             Began as a Spriggan Earth Elementalist on Jan 20, 2020.
             Was a Follower of Sif Muna.
             Slain by an orc warrior
             ... wielding a +0 trident
              (5 damage)
             ... on level 6 of the Dungeon.
             The game lasted 00:25:00 (7432 turns).

UristMcUrist the Thaumaturge (SpEE)                 Turns: 7432, Time: 00:25:00

Health: 0/36       AC:  2    Str:  6    XL:     8   Next: 62%
Magic:  8/22       EV: 18    Int: 18    God:    Sif Muna [*.....]
Gold:   363        SH:  0    Dex: 17    Spells: 7/25 levels left

rFire    + . .     SeeInvis +   r - +6 dagger
rCold    . . .     Gourm    .   (shield restricted)
rNeg     . . .     Faith    .   c - +0 robe
rPois    .         Spirit   .   (helmet restricted)
rElec    .         Reflect  .   (no cloak)
rCorr    .         Harm     .   (gloves unavailable)
MR       +....                  (boots unavailable)
Stlth    +++.......             (no amulet)
HPRegen  0.12/turn              f - ring of protection from fire
MPRegen  0.18/turn              n - ring of wizardry

@: very quick
A: very small, unfitting armour, see invisible, herbivore, speed 3, screaming 1,
slow metabolism 2, strong 1
a: Channel Magic, Renounce Religion


You were on level 6 of the Dungeon.
You worshipped Sif Muna.
Sif Muna was aware of your devotion.
You were not hungry.

You visited 1 branch of the dungeon, and saw 8 of its levels.

You collected 363 gold pieces.

Inventory:

Hand Weapons
 r - a +6 dagger (weapon)
Missiles
 t - 8 poisoned darts (quivered)
Armour
 c - a +0 robe (worn)
Jewellery
 f - a ring of protection from fire (left hand)
 n - a ring of wizardry (right hand)
 u - a +3 amulet of reflection {unknown}
Wands
 o - a wand of iceblast (9)
Scrolls
 b - 3 scrolls of noise
 e - 4 scrolls of remove curse
 g - 2 scrolls of enchant weapon {unknown}
 h - 2 scrolls of immolation
 j - a scroll of fear
 k - a scroll of enchant armour
 l - a scroll of magic mapping
 p - a scroll of random uselessness
 q - 4 scrolls of teleportation
Potions
 a - 2 potions of heal wounds
 i - a potion of invisibility
 m - 3 potions of flight
 s - 2 potions of haste
Comestibles
 d - a ration


   Skills:
 + Level 0.3 Fighting
 * Level 3.5 Short Blades
 + Level 3.3 Dodging
 + Level 4.2 Stealth
 + Level 9.4 Spellcasting
 + Level 0.6 Conjurations
 + Level 1.3 Transmutations
 + Level 6.6 Earth Magic


You had 7 spell levels left.
You knew the following spells:

 Your Spells              Type           Power        Failure   Level  Hunger
a - Sandblast             Erth           ####..       1%          1    None
b - Passwall              Tmut/Erth      ###.....     1%          2    None
c - Stone Arrow           Conj/Erth      ###...       2%          3    None
d - Lee's Rapid Deconstr  Erth           ####......   6%          5    #####..
e - Petrify               Tmut/Erth      ###.....     6%          4    ###....
f - Regeneration          Chrm/Necr      #.........   11%         3    None

Your spell library contained the following spells:

 Spells                   Type           Power        Failure   Level  Hunger
 Infusion                 Chrm           #...         3%          1    None
 Shroud of Golubria       Chrm/Tloc      #.....       5%          2    None
 Song of Slaying          Chrm           #.......     5%          2    None
 Spectral Weapon          Hex/Chrm       #.......     11%         3    None


Dungeon Overview and Level Annotations

Branches:
Dungeon (8/15)
 Temple: D:4-7         Lair: D:8-11

Altars:
Ashenzari
Dithmenos
Elyvilon
Hepliaklqana
Kikubaaqudgha
Nemelex Xobeh
Sif Muna

Shops:
D:5 *

Annotations:
D:7 Dowan
D:8 2 transporters


Innate Abilities, Weirdness & Mutations

You are very small and have problems with some larger weapons.
You are too small for most types of armour.
You have supernaturally acute eyesight. (SInv)
You are a herbivore.
You cover ground extremely quickly.
You need to consume almost no food.
You occasionally shout uncontrollably at your foes.
Your muscles are strong. (Str +2)


Message History

You see here a thin cameo amulet.
u - a thin cameo amulet
Casting: Stone Arrow (safe; 2% risk of failure)
Confirm with . or Enter, or press ? or * to list all spells.
Aiming: Stone Arrow (safe; 2% risk of failure)
Press: ? - help, Shift-Dir - straight line, f - orc warrior
Aim: an orc warrior, wielding a +0 trident and wearing a +0 plate armour The stone arrow hits the orc warrior.
The orc warrior is lightly wounded.
The orc warrior hits you from afar with a +0 trident!!
Ouch! That really hurt!
* * * LOW HITPOINT WARNING * * *
Casting: Stone Arrow (safe; 2% risk of failure)
Confirm with . or Enter, or press ? or * to list all spells.
Aiming: Stone Arrow (safe; 2% risk of failure)
Press: ? - help, Shift-Dir - straight line, f/p - orc warrior
Aim: an orc warrior, wielding a +0 trident and wearing a +0 plate armour (lightly wounded)
The stone arrow misses the orc warrior.
The orc warrior hits you from afar with a +0 trident.
You die...

.. #... .. ##..>...##
.. .#.o......# .#
.#.... ...## ##
......##... .#####
.....)....#
..#..##.......o..###
.......###.........#
.###...........(@###
..###o..#.........##
..# ##.###.........#
..# #...###.......(#
..###...###...<....#
..##..####........##
......# #.........#
....#.####.#..#.....#
..#.#..†.)...####.###


You could see an orc warrior and an orc priest.

Vanquished Creatures
  Prince Ribbit (D:5)
  Menkaure (D:5)
  A sky beast (D:5)
  A black bear (D:5)
  2 ogres
  A centaur (D:6)
  2 bullfrogs
  2 scorpions
  A howler monkey (D:4)
  A crimson imp (D:6)
  A jelly (D:6)
  2 orc priests
  6 hounds
  2 iguanas
  2 worker ants (D:5)
  5 adders
  2 shadow imps
  An adder skeleton (D:8)
  A worm (D:3)
  2 dart slugs (D:1)
  6 leopard geckos
  15 orcs
  3 ball pythons
  14 bats
  6 giant cockroaches
  5 goblins
  4 hobgoblins
  10 jackals
  2 quokkas
  2 frilled lizards
  9 kobolds
  A quokka zombie (D:6)
  10 rats
124 creatures vanquished.

Notes
Turn   | Place    | Note
-------+----------+-------------------------------------------
     0 | D:1      | UristMcUrist the Spriggan Earth Elementalist began the
                  | quest for the Orb.
     0 | D:1      | Reached XP level 1. HP: 9/9 MP: 5/5
    87 | D:1      | Reached skill level 3 in Spellcasting
    87 | D:1      | Reached XP level 2. HP: 13/13 MP: 0/7
  1178 | D:1      | Reached XP level 3. HP: 16/16 MP: 3/8
  1360 | D:1      | Learned a level 2 spell: Passwall
  1364 | D:1      | Learned a level 3 spell: Stone Arrow
  1638 | D:2      | Found a shimmering blue altar of Sif Muna.
  2073 | D:2      | Reached skill level 4 in Spellcasting
  2816 | D:3      | Reached XP level 4. HP: 21/21 MP: 4/11
  3405 | D:3      | Found an ancient bone altar of Kikubaaqudgha.
  3841 | D:3      | Reached skill level 5 in Spellcasting
  3841 | D:3      | Reached XP level 5. HP: 9/24 MP: 2/13
  4169 | D:4      | Noticed an ogre
  4192 | D:4      | Killed an ogre
  4209 | D:4      | Found a shattered altar of Ashenzari.
  4230 | D:4      | Reached XP level 6. HP: 27/28 MP: 5/15
  4405 | D:4      | Learned a level 5 spell: Lee's Rapid Deconstruction
  4494 | D:4      | Reached skill level 6 in Spellcasting
  4601 | D:4      | Found a white marble altar of Elyvilon.
  4606 | D:4      | You fall into a shaft and drop 3 floors!
  4606 | D:7      | Noticed an orc warrior
  4612 | D:8      | Found a transporter.
  4612 | D:8      | Found a sparkling altar of Nemelex Xobeh.
  4730 | D:8      | Found a transporter.
  4731 | D:8      | Noticed a meliai
  4732 | D:8      | Found a hazy altar of Hepliaklqana.
  4733 | D:8      | Noticed a seven-headed hydra
  4741 | D:8      | Noticed an orc warrior
  4780 | D:8      | Gained mutation: You occasionally shout uncontrollably at
                  | your foes. [potion of mutation]
  4780 | D:8      | Gained mutation: Your muscles are strong. (Str +2) [potion
                  | of mutation]
  5023 | D:7      | Reached skill level 7 in Spellcasting
  5023 | D:7      | Reached skill level 5 in Earth Magic
  5023 | D:7      | Reached XP level 7. HP: 32/32 MP: 11/18
  5055 | D:7      | Noticed Dowan
  5131 | D:5      | Entered Level 5 of the Dungeon
  5676 | D:5      | Reached skill level 1 in Short Blades
  5724 | D:5      | Noticed Menkaure
  5727 | D:5      | Found Kuetaph's Mayhem Merchandise.
  5734 | D:5      | Killed Menkaure
  5894 | D:5      | Found a shimmering blue altar of Sif Muna.
  5906 | D:5      | Became a worshipper of Sif Muna the Loreminder
  6065 | D:5      | Reached skill level 8 in Spellcasting
  6127 | D:5      | Found a shadowy altar of Dithmenos.
  6221 | D:5      | Noticed Prince Ribbit
  6229 | D:5      | Killed Prince Ribbit
  6229 | D:5      | Reached XP level 8. HP: 36/36 MP: 14/21
  6407 | D:5      | Reached skill level 9 in Spellcasting
  7182 | D:6      | Reached * piety under Sif Muna
  7188 | D:6      | Learned a level 4 spell: Petrify
  7418 | D:5      | Learned a level 3 spell: Regeneration
  7432 | D:6      | Slain by an orc warrior

Levels and vault maps discovered:
D:1:      minmay_arrival_arboretum_large, layout_basic,
          hangedman_decor_diamond_cutter, st_stairs_3
D:2:      layout_basic, lemuel_blue_sif_altar
D:3:      layout_basic, lemuel_crystal_altar, serial_curves, eino_curves_02,
          eino_curves_03, first_ration, hangedman_decor_growths,
          kennysheep_big_empty_room
D:4:      layout_basic, ashenzari_conservatory_becter, elyvilon_altar_5
D:5:      layout_loops_cross, grunt_dithmenos_smoke_and_mirrors, basic_altar,
          minmay_shop_mayhem, uniq_menkaure, uniq_prince_ribbit1
D:6:      kennysheep_housing_project, layout_cave_pools,
          minmay_temple_entry_drinking_statues
D:7:      layout_rooms, the_bakery, uniq_duvessa
D:8:      layout_rooms, gammafunk_temple_overflow_arena, enter_bailey_3

Skill      XL: |  1  2  3  4  5  6  7  8 |
---------------+-------------------------+-----
Spellcasting   | 3 4 5 7 8 9 |  9.4
Earth Magic    | 3 4 5 6 |  6.6
Stealth        | 4 |  4.2
Short Blades   | 2 3 |  3.5
Fighting       | |  0.3
Dodging        | |  3.3
Conjurations   | |  0.6
Transmutations | |  1.3

Action                   |  1- 3 |  4- 6 |  7- 9 || total
-------------------------+-------+-------+-------++-------
Melee: Short sword       |     5 |     2 |       ||     7
       Dagger            |       |       |    10 ||    10
 Cast: Sandblast         |    59 |    80 |    83 ||   222
       Stone Arrow       |    12 |     3 |    15 ||    30
  Use: Potion            |     4 |     4 |     2 ||    10
       Scroll            |     5 |       |     3 ||     8
 Stab: Sleeping          |       |     1 |       ||     1
  Eat: Ration            |     1 |     1 |     1 ||     3
Armor: Robe              |     4 |     3 |     3 ||    10
Dodge: Dodged            |    35 |    18 |    25 ||    78
